 Dungeon Crawl Stone Soup version 0.27-a0-1228-gfd60fd639a (webtiles) character file.

Game seed: 987878125887483225

56 Armakuni the Skirmisher (level 4, 0/35 HPs)
             Began as a Human Artificer on June 7, 2021.
             Slain by an orc
             ... wielding a +0 short sword
              (5 damage)
             ... on level 3 of the Dungeon.
             The game lasted 00:02:58 (2371 turns).

Armakuni the Skirmisher (Human Artificer)           Turns: 2371, Time: 00:02:59

Health: 0/35       AC:  5    Str: 13    XL:     4   Next: 15%
Magic:  4/4        EV: 10    Int: 11    God:
Gold:   48         SH:  0    Dex: 14    Spells: 3/3 levels left

rFire    . . .     SeeInvis .   a - +0 quarterstaff (flame)
rCold    . . .     Faith    .   (shield currently unavailable)
rNeg     . . .     Spirit   .   f - +0 ring mail
rPois    .         Reflect  .   (no helmet)
rElec    .         Harm     .   (no cloak)
rCorr    .         Rampage  .   (no gloves)
Will     .....                  (no boots)
Stlth    +.........             (no amulet)
HPRegen  0.11/turn              (no ring)
MPRegen  0.09/turn              (no ring)

@: no status effects
A: no striking features
a: no special abilities


You were on level 3 of the Dungeon.
You visited 1 branch of the dungeon, and saw 3 of its levels.

You collected 48 gold pieces.

Inventory:

Hand Weapons
 a - a +0 quarterstaff of flaming (weapon)
Missiles
 g - 11 poisoned darts
 j - 4 javelins
Armour
 f - a +0 ring mail (worn)
Wands
 c - a wand of flame (6) (quivered)
 d - a wand of charming (12)
Scrolls
 b - a scroll of identify
 h - a scroll of amnesia {unknown}
Potions
 i - a potion of brilliance
Miscellaneous
 e - a piece from Xom's chessboard (13/15)


   Skills:
 + Level 3.2 Fighting
 + Level 1.3 Staves
 - Level 2.0 Armour
 - Level 1.0 Dodging
 - Level 1.0 Stealth
 - Level 3.0 Evocations


You had 3 spell levels left.
You didn't know any spells.
Your spell library was empty.

Dungeon Overview and Level Annotations

Branches:
Dungeon (3/15)

Altars:


Message History

You closely miss the adder.
The adder is severely wounded.
The adder bites you.
You are poisoned.
The adder poisons you!
You thump the adder! You burn the adder.
You kill the adder!
You feel sick.
Your piece from Xom's chessboard (13/15) has regained one charge.
You have reached level 4!
You feel agile.
You hit the rat. You burn the rat.
You kill the rat!
You feel sick.
You hit the orc. You burn the orc.
The orc is moderately wounded.
You feel sick. The orc completely misses you.
You hit the orc. You burn the orc.
The orc is heavily wounded.
You feel sick. The orc barely misses you. The orc hits you but does no damage.
You barely miss the orc.
The orc is heavily wounded.
You feel sick.
You are no longer poisoned.
The orc hits you with a +0 short sword.
* * * LOW HITPOINT WARNING * * *
You closely miss the orc.
The orc is heavily wounded.
The orc closely misses you.
You closely miss the orc.
The orc is heavily wounded.
The orc misses you. The orc hits you with a +0 short sword.
* * * LOW HITPOINT WARNING * * *
You closely miss the orc.
The orc is heavily wounded.
The orc closely misses you.
You barely miss the orc.
The orc is heavily wounded.
The orc hits you with a +0 short sword.
You die...

#.##......#.## ...
........))...###
..#
#.###.#####....##+
#..# #.# #.#
##..##.$#####...#
#.# #.#
#..#(.ow#......#
#.# #.#
#..#:.rS'.....##
#.. ..#
#..##..##..####
### ###
#...####..##
###..@o..##
########


You could see an orc.

Vanquished Creatures
  3 adders
  A dart slug (D:3)
  4 endoplasms
  A giant cockroach (D:1)
  3 goblins
  3 hobgoblins
  2 quokkas (D:2)
  2 ball pythons
  2 bats
  3 kobolds
  3 rats
27 creatures vanquished.

Vanquished Creatures (others)
  An adder (D:2)
1 creature vanquished.

Grand Total: 28 creatures vanquished

Notes
Turn   | Place    | Note
-------+----------+-------------------------------------------
     0 | D:1      | Armakuni the Human Artificer began the quest for the Orb.
     0 | D:1      | Reached XP level 1. HP: 15/15 MP: 1/1
   492 | D:1      | Reached XP level 2. HP: 22/22 MP: 2/2
   634 | D:1      | Found a faded altar of an unknown god.
  1262 | D:2      | Reached XP level 3. HP: 9/28 MP: 3/3
  1268 | D:2      | HP: 1/28 [poisoned by an adder]
  2352 | D:3      | Reached skill level 1 in Staves
  2364 | D:3      | Reached XP level 4. HP: 16/35 MP: 4/4
  2371 | D:3      | Slain by an orc

Illustrated notes

Levels and vault maps discovered:
D:1:      onia_arrival_pentagram, layout_loops_corners, basic_ecumenical_altar
D:2:      layout_basic
D:3:      layout_basic, nicolae_overflow_crystal_walls,
          nicolae_overflow_hidden_temple,
          chequers_temple_overflow_statue_of_worship, minmay_joined_circles

Skill      XL: |  1  2  3 |
---------------+----------+-----
Fighting       | 2 3 |  3.2
Staves         | 1 |  1.3
Armour         | |  2.0
Dodging        | |  1.0
Stealth        | |  1.0
Evocations     | |  3.0

Action                   |  1- 3 |  4- 6 || total
-------------------------+-------+-------++-------
Melee: Club              |    16 |       ||    16
       Trident           |    13 |       ||    13
       Quarterstaff      |    28 |     8 ||    36
Evoke: Piece from Xom's  |     6 |       ||     6
       Wand              |    12 |       ||    12
  Use: Scroll            |     3 |       ||     3
 Stab: Sleeping          |     2 |       ||     2
Armor: Ring mail         |    26 |     1 ||    27
Dodge: Dodged            |    30 |     5 ||    35

Table legend: (Time is in decaauts)
 A = Elapsed time spent in this place.
 B = Non-inter-level travel time spent in this place.
 C = Inter-level travel time spent in this place.
 D = Time resting spent in this place.
 E = Time spent auto-exploring this place.
 F = Levels seen in this place.
 G = Mean time per level.
                   A        B        C        D        E       F      G
               +--------+--------+--------+--------+--------+-----+--------+
         Total |   2387 |   2291 |     96 |    554 |   1446 |   3 |  795.7 |
       Dungeon |   2387 |   2291 |     96 |    554 |   1446 |   3 |  795.7 |
               +--------+--------+--------+--------+--------+-----+--------+

Top non-repeatable levels by time:
     D:1: 1230 daAuts
     D:2: 1062 daAuts
     D:3: 94 daAuts
